 Dungeon Crawl Stone Soup version 0.16-a0-2461-ge8ce426 (webtiles) character file.

437 PolkaDot the Skirmisher (level 6, 0/52 HPs)
             Began as a Vampire Summoner on Nov 19, 2014.
             Slain by an orc wizard
             ... wielding a cursed -1 dagger
              (6 damage)
             ... on level 4 of the Dungeon.
             The game lasted 00:18:58 (4883 turns).

PolkaDot the Skirmisher (Vampire Summoner)          Turns: 4883, Time: 00:18:58

Health: 0/52       AC:  6    Str:  7    XL:     6   Next: 69%
Magic:  6/10       EV: 12    Int: 24    God:
Gold:   126        SH:  0    Dex: 14    Spells: 3 memorised, 3 levels left

rFire  . . .     SeeInvis +     q - +4 quarterstaff (chaos)
rCold  . . .     Clarity  .     a - +1 robe
rNeg   + . .     SustAb   .     (no shield)
rPois  .         Gourm    .     (no helmet)
rElec  .         Spirit   .     r - +2 cloak {+Inv}
rCorr  .         Warding  +     (no gloves)
rMut   .         Stasis   .     (no boots)
MR     .....                    h - amulet of warding
Stlth  ++........               (no ring)
                                (no ring)

@: brilliant, regenerating quickly, not resistant to hostile enchantments,
unstealthy
A: bottle blood, fangs 3, see invisible, unbreathing
a: Evoke Invisibility


You were on level 4 of the Dungeon.
You were very full.

You visited 1 branch of the dungeon, and saw 4 of its levels.

You collected 126 gold pieces.

Inventory:

Hand weapons
 q - a +4 quarterstaff of chaos (weapon)
Armour
 a - a +1 robe (worn)
 r - a +2 cloak of invisibility (worn)
Jewellery
 h - an amulet of warding (around neck)
Magical devices
 p - a wand of teleportation (6)
Scrolls
 d - a scroll of random uselessness
 e - a scroll of recharging
 f - 2 scrolls of immolation
 i - 2 scrolls of remove curse
 j - a scroll of blinking
 l - 3 scrolls of teleportation
Potions
 k - 3 potions of blood {@*1}
Books
 b - a book of Callings

   Spells                             Type                      Level
   *Summon Small Mammal               Summoning                    1
   *Call Imp                          Summoning                    2
   *Call Canine Familiar              Summoning                    3
   Summon Guardian Golem              Hexes/Summoning              4
   Summon Lightning Spire             Summoning/Air                4
   Summon Ice Beast                   Ice/Summoning                4


   Skills:
 - Level 5.7 Fighting
 + Level 1.9 Staves
 - Level 2.1 Dodging
 - Level 3.0 Stealth
 - Level 2.0 Spellcasting
 - Level 4.0 Summonings


You had 3 spell levels left.
You knew the following spells:

 Your Spells              Type           Power        Failure   Level  Hunger
a - Summon Small Mammal   Summ           ####         1%          1    #......
d - Call Canine Familiar  Summ           #####...     1%          3    ###....
s - Call Imp              Summ           #####...     1%          2    ##.....


Dungeon Overview and Level Annotations

Branches:
Dungeon (4/15)
 Temple: D:4-7

Altars:
Fedhas
Gozag
Kikubaaqudgha
Xom
Yredelemnul

Shops:
D:4 =


Innate Abilities, Weirdness & Mutations

Your natural rate of healing is unusually fast.
You can bottle blood from corpses.
You have razor-sharp teeth.
You have supernaturally acute eyesight.
You can survive without breathing.


Message History

The orc wizard hits you but does no damage.
You hit the orc wizard.
The orc wizard is heavily wounded.
The orc wizard hits you but does no damage.
The orc barely misses you.
The orc wizard closely misses your hound.
You hit the orc. You freeze the orc.
You kill the orc!
The orc wizard hits your hound but does no damage. x2
You closely miss the orc wizard.
The orc wizard is severely wounded.
The orc wizard hits you but does no damage.
Your crimson imp blinks!
You closely miss the orc wizard.
The orc wizard is severely wounded.
The orc wizard closely misses you. x2
You hit the orc wizard but do no damage.
The orc wizard is severely wounded.
The orc wizard hits you with a dagger.
You die...

.._ ..........>.# . ...
#..........##.. 8..
#.........##... ...
##....5....#.... .
##.###...........# .#
............#...####..
..........####.#......#+
....####..# #.h..##.....
.##..###..####.o@........
##..##...##..).####.#(.
##..#...........#
##....####......... .#
##..## ##..###...
...####..# #... ..
.........# #.###
.........######..##
.....%............####.


You could see an orc wizard (berserk), a friendly hound and a friendly crimson
imp.

Vanquished Creatures
  An orc wizard (D:4)
  An iguana (D:4)
  An adder (D:2)
  4 gnolls (D:3)
  A worker ant zombie (D:3)
  A worm (D:2)
  A giant gecko (D:2)
  An orc (D:4)
  Natasha (D:3)
  2 ball pythons (D:3)
  3 giant cockroaches
  8 goblins
  4 hobgoblins
  5 jackals
  6 kobolds
  5 bats
  5 giant newts
  6 rats
56 creatures vanquished.

Vanquished Creatures (collateral kills)
  Grinder (D:3)
  Crazy Yiuf (D:3)
  2 orc priests (D:3)
  Natasha (twice) (D:3)
  Ijyb (D:2)
  5 adders
  3 worms (D:2)
  5 orcs
  3 bats
  A bat zombie (D:3)
  A giant cockroach (D:2)
  2 goblins
  5 hobgoblins
  2 jackals (D:1)
  4 kobolds
  A giant gecko (D:2)
  2 rats
41 creatures vanquished.

Vanquished Creatures (others)
  2 crimson imps (D:3)
  7 hounds (D:3)
  A white imp (D:3)
  2 bats
  A quokka (D:1)
13 creatures vanquished.

Grand Total: 110 creatures vanquished

Notes
Turn   | Place    | Note
--------------------------------------------------------------
     0 | D:1      | PolkaDot, the Vampire Summoner, began the quest for the Orb.
     0 | D:1      | Reached XP level 1. HP: 13/13 MP: 3/3
   248 | D:1      | Reached skill level 1 in Fighting
   420 | D:1      | Reached XP level 2. HP: 11/21 MP: 0/4
   751 | D:1      | Learned a level 2 spell: Call Imp
   799 | D:2      | Noticed Ijyb
   850 | D:2      | Killed Ijyb
  1027 | D:2      | Reached XP level 3. HP: 26/28 MP: 1/6
  1032 | D:2      | Learned a level 3 spell: Call Canine Familiar
  1312 | D:2      | Found a basalt altar of Yredelemnul.
  1542 | D:2      | Found an ancient bone altar of Kikubaaqudgha.
  1550 | D:2      | Found a blossoming altar of Fedhas.
  1700 | D:2      | Reached XP level 4. HP: 13/35 MP: 4/7
  2273 | D:3      | Noticed Natasha
  2573 | D:3      | Killed Natasha
  2716 | D:3      | Noticed Natasha
  2728 | D:3      | Killed Natasha
  2797 | D:3      | HP: 1/37 [orc priest/divine providence (13)]
  2802 | D:3      | Reached XP level 5. HP: 2/42 MP: 1/9
  3073 | D:3      | Noticed Grinder
  3290 | D:3      | Paralysed by Grinder for 5 turns
  3292 | D:3      | HP: 1/43 [Grinder/nerve-wracking pain (5)]
  3317 | D:3      | HP: 2/43 [goblin/dagger (2)]
  3351 | D:3      | HP: 2/43 [Grinder/nerve-wracking pain (7)]
  3670 | D:3      | Paralysed by Grinder for 2 turns
  3685 | D:3      | Killed Grinder
  3685 | D:3      | Reached skill level 5 in Fighting
  3685 | D:3      | Reached XP level 6. HP: 5/51 MP: 2/10
  4397 | D:3      | Noticed Crazy Yiuf
  4413 | D:3      | Killed Crazy Yiuf
  4587 | D:3      | Reached skill level 1 in Staves
  4649 | D:3      | Noticed Natasha
  4653 | D:3      | Killed Natasha
  4701 | D:4      | Found Psuciop's Jewellery Shoppe.
  4745 | D:4      | Found a shimmering altar of Xom.
  4845 | D:4      | Found an opulent altar of Gozag.
  4883 | D:4      | Slain by an orc wizard

Action                   |  1- 3 |  4- 6 || total
-------------------------+-------+-------++-------
Melee: Unarmed           |   196 |    82 ||   278
       Dagger            |       |    51 ||    51
       Quarterstaff      |       |    46 ||    46
 Cast: Summon Small Mamm |    16 |       ||    16
       Call Imp          |     7 |    23 ||    30
       Call Canine Famil |     5 |    22 ||    27
  Use: Potion            |     1 |     3 ||     4
       Scroll            |       |    12 ||    12
 Stab: Distracted        |     2 |     3 ||     5
       Sleeping          |     3 |     4 ||     7
  Eat: Corpse            |    17 |    20 ||    37
